Map: Oxide LE

Players

Nice - Winner!

  • Race: Protoss Protoss
  • Spawn Location: 1:00

Hurricane

  • Race: Protoss Protoss
  • Spawn Location: 7:00

Event: IEM Katowice 2021

VOD

Have the link to the VOD?

Description

Time

  • Played on: Feb. 20, 2021, 8:28 a.m.
  • Length: 8:27

All games in this series

Show
View Real Time Build Order
Export as new Build Order

Nice Protoss - Winner!

Build Orders: Oracle Opening, Phoenix Opening 

Get SALT Encoding   

  12  0:00  Probe  
  13  0:12  Probe  
  14  0:19  Pylon  
  14  0:24  Probe  
  15  0:37  Probe (Chrono Boost), Gateway  
  16  0:47  Assimilator  
  16  0:48  Probe (Chrono Boost)  
  17  0:52  Probe (Chrono Boost)  
  18  0:59  Assimilator  
  18  1:03  Probe (Chrono Boost)  
  19  1:09  Pylon  
  19  1:13  Probe (Chrono Boost)  
  19  1:18  Probe (Chrono Boost)  
  20  1:25  Cybernetics Core  
  21  1:29  Probe  
  22  1:38  Pylon  
  22  1:42  Probe  
  23  1:54  Probe  
  24  2:01  Adept (Chrono Boost)  
  24  2:05  Stargate  
  26  2:12  Warp Gate  
  26  2:16  Cybernetics Core  
  26  2:22  Stalker  
  26  2:28  Pylon  
  28  2:35  Shield Battery  
  28  2:50  Oracle (Chrono Boost)  
  30  2:52  Probe  
  30  2:58  Shield Battery  
  31  3:06  Probe  
  31  3:11  Nexus  
  32  3:18  Probe  
  33  3:23  Oracle (Chrono Boost)  
  33  3:54  Phoenix  
  30  3:56  Probe  
  30  4:08  Probe (Chrono Boost)  
  29  4:16  Stalker  
  31  4:20  Probe (Chrono Boost)  
  32  4:27  Probe (Chrono Boost)  
  32  4:28  Probe (Chrono Boost)  
  34  4:34  Probe  
  34  4:37  Probe  
  36  4:41  Void Ray (Chrono Boost)  
  36  4:48  Stalker  
  36  5:08  Probe  
  36  5:09  Probe  
  36  5:11  Shield Battery  
  38  5:19  Stalker  
  40  5:27  Void Ray (Chrono Boost)  
  36  5:43  Stalker  
  36  6:08  Stalker  
  30  6:18  Void Ray (Chrono Boost)  
  30  6:20  Probe x2  
  29  6:32  Probe x2  
  35  6:35  Stalker  
  37  6:44  Probe  
  38  6:52  Probe  
  39  6:56  Probe  
  39  6:58  Void Ray (Chrono Boost)  
  38  7:04  Probe (Chrono Boost)  
  43  7:14  Probe (Chrono Boost)  
  45  7:16  Probe (Chrono Boost)  
  46  7:23  Probe (Chrono Boost)  
  46  7:24  Probe (Chrono Boost)  
  46  7:28  Stalker  
  49  7:33  Probe  
  49  7:35  Pylon  
  50  7:37  Probe  
  51  7:47  Void Ray (Chrono Boost)  
  51  7:49  Probe  
  52  7:53  Probe  
  57  8:01  Probe  
  57  8:04  Stalker  
  57  8:05  Probe  
  61  8:13  Probe  
Show
View Real Time Build Order
Export as new Build Order

Hurricane Protoss 

Build Orders: Oracle Opening 

Get SALT Encoding   

  12  0:00  Probe  
  13  0:12  Probe  
  14  0:19  Pylon  
  14  0:24  Probe  
  15  0:37  Probe (Chrono Boost)  
  15  0:40  Gateway  
  16  0:46  Assimilator, Probe (Chrono Boost)  
  17  0:51  Probe (Chrono Boost)  
  18  0:58  Assimilator  
  18  1:03  Probe (Chrono Boost)  
  19  1:11  Pylon  
  19  1:15  Probe (Chrono Boost)  
  20  1:21  Probe (Chrono Boost)  
  21  1:29  Probe, Cybernetics Core  
  22  1:33  Zealot  
  24  1:42  Pylon  
  24  1:44  Probe  
  25  1:53  Pylon  
  25  1:56  Probe  
  26  2:04  Stalker (Chrono Boost)  
  28  2:18  Stargate  
  28  2:23  Probe  
  28  2:24  Warp Gate  
  29  2:33  Stalker  
  30  3:00  Oracle (Chrono Boost)  
  30  3:05  Shield Battery  
  33  3:17  Nexus  
  34  3:20  Probe  
  34  3:26  Pylon  
  34  3:38  Probe  
  32  3:50  Probe  
  32  3:54  Void Ray (Chrono Boost)  
  34  4:04  Gateway  
  34  4:07  Gateway  
  34  4:13  Stalker  
  36  4:17  Probe  
  37  4:29  Probe  
  38  4:36  Void Ray (Chrono Boost)  
  38  4:37  Stalker  
  37  4:45  Probe  
  40  5:03  Stalker  
  40  5:04  Stalker  
  37  5:07  Stalker  
  37  5:10  Probe  
  37  5:13  Probe  
  41  5:32  Stalker x3  
  37  5:39  Probe  
  37  5:40  Probe  
  24  5:52  Probe x2  
  24  6:04  Probe  
  21  6:12  Probe  
  21  6:16  Probe  
  23  6:24  Probe  
  22  6:29  Adept x2  
  26  6:39  Stalker  
  28  6:49  Stalker  
  28  6:52  Probe (Chrono Boost)  
  31  7:00  Probe (Chrono Boost)  
  32  7:05  Twilight Council  
  32  7:07  Probe (Chrono Boost)  
  29  7:17  Probe  
  29  7:19  Probe  
  31  7:25  Stalker  
  31  7:29  Sentry x2  
  37  7:33  Probe (Chrono Boost)  
  37  7:36  Probe (Chrono Boost)  
  40  7:45  Probe (Chrono Boost)  
  40  7:46  Probe (Chrono Boost)  
  40  7:51  Probe (Chrono Boost)  
  43  7:58  Probe (Chrono Boost)  
  43  8:03  Probe (Chrono Boost)  
  44  8:10  Probe (Chrono Boost)  
  44  8:12  Stalker x2  
  45  8:21  Stalker  

Tags
 
Add a new tag
Caveats
  • Supply blocks, unpowered buildings, or Contaminate may cause inaccurate times.
  • Supply counts are checked every 10 seconds.